 Dungeon Crawl Stone Soup version 0.18-a0-1535-g243bd92 (webtiles) character file.

748 Oddball22 the Stinger (level 7, 0/41 HPs)
             Began as an Octopode Venom Mage on Mar 9, 2016.
             Was an Initiate of Sif Muna.
             Slain by an orc wizard
             ... wielding a +0 dagger
              (1 damage)
             ... on level 6 of the Dungeon.
             The game lasted 00:16:21 (5796 turns).

Oddball22 the Stinger (Octopode Venom Mage)         Turns: 5796, Time: 00:16:22

Health: 0/41       AC:  2    Str:  6 (7)  XL:     7   Next: 77%
Magic:  6/14       EV: 12    Int: 19 (20) God:    Sif Muna [......]
Gold:   343        SH:  0    Dex:  7 (12) Spells: 5 memorised, 0 levels left

rFire  . . .     SeeInvis .     k - +0 hand axe (drain)
rCold  . . .     Gourm    .     (no shield)
rNeg   . . .     Faith    .     B - +1 hat
rPois  .         Spirit   .     (no amulet)
rElec  .         Dismiss  .     (no ring)
rCorr  .         Reflect  .     (no ring)
SustAt .         Harm     .     (no ring)
MR     .....                    (no ring)
Stlth  +++.......               (no ring)
                                (no ring)
                                (no ring)
                                (no ring)

@: not resistant to hostile enchantments, fairly stealthy
A: almost no armour, amphibious, 8 rings, constrict 8, camouflage 1, gelatinous
body 1
a: Renounce Religion


You were on level 6 of the Dungeon.
You worshipped Sif Muna.
Sif Muna was noncommittal.
You were not hungry.

You visited 2 branches of the dungeon, and saw 7 of its levels.

You collected 343 gold pieces.

Inventory:

Hand Weapons
 k - a +0 hand axe of draining (weapon)
Missiles
 n - 86 arrows
 y - 17 poisoned needles
Armour
 r - a +0 shield
 B - a +1 hat (worn)
Wands
 u - a wand of flame (32/48)
Scrolls
 c - 3 scrolls of teleportation {unknown}
 d - a scroll of recharging {unknown}
 h - 5 scrolls of identify {unknown}
 i - a scroll of magic mapping {unknown}
 j - 4 scrolls of enchant armour {unknown}
 l - a scroll of remove curse {unknown}
 q - a scroll of noise {unknown}
 s - 2 scrolls of fear {unknown}
 D - a scroll of amnesia {unknown}
Potions
 e - a potion of might
 g - a potion of resistance
 p - a potion of curing
 x - 2 potions of lignification
 A - a potion of agility
 C - a potion of flight {unknown}
 E - a potion of heal wounds {unknown}
Books
 a - a Young Poisoner's Handbook

   Spells                             Type                      Level
   a - Sting                          Conjuration/Poison           1
   b - Cure Poison                    Poison                       2
   c - Mephitic Cloud                 Conjuration/Poison/Air       3
   d - Olgreb's Toxic Radiance        Poison                       4
   e - Venom Bolt                     Conjuration/Poison           5
 o - a book of Summonings

   Spells                             Type                      Level
   a - Recall                         Summoning/Translocation      3
   b - Aura of Abjuration             Summoning                    5
   c - Summon Demon                   Summoning                    5
   d - Summon Forest                  Summoning/Translocation      5
   e - Summon Mana Viper              Hexes/Summoning              5
   f - Shadow Creatures               Summoning                    6
 v - a Fen Folio

   Spells                             Type                      Level
   a - Corpse Rot                     Necromancy                   2
   b - Stone Arrow                    Conjuration/Earth            3
   c - Leda's Liquefaction            Hexes/Earth                  4
   d - Summon Forest                  Summoning/Translocation      5
   e - Hydra Form                     Transmutation                6
   f - Summon Hydra                   Summoning                    7
Comestibles
 b - 8 bread rations
 f - 5 chunks of flesh
 m - 3 slices of pizza


   Skills:
 - Level 2.0 Dodging
 - Level 2.6 Stealth
 - Level 4.8 Spellcasting
 + Level 4.2 Conjurations
 + Level 2.0 Air Magic
 * Level 7.2 Poison Magic


You couldn't memorise any spells.
You knew the following spells:

 Your Spells              Type           Power        Failure   Level  Hunger
a - Sting                 Conj/Pois      ####         1%          1    None
b - Cure Poison           Pois           ####......   1%          2    #......
c - Mephitic Cloud        Conj/Pois/Air  ###.....     8%          3    ##.....
d - Olgreb's Toxic Radia  Pois           ####....     10%         4    ####...
e - Venom Bolt            Conj/Pois      ####......   38%         5    ######.


Dungeon Overview and Level Annotations

Branches:
Dungeon (6/15)             Temple (1/1) D:5

Altars:
Ashenzari
Cheibriados
Dithmenos
Elyvilon
Fedhas
Gozag
Qazlal
Ru
Sif Muna
Trog
Vehumet
Xom
Yredelemnul
Zin

Annotations:
D:5 Shredu92's ghost, novice VSAE


Innate Abilities, Weirdness & Mutations

You cannot wear most types of armour.
You are amphibious.
You can wear up to eight rings at the same time.
You can use your tentacles to constrict eight enemies at once.
Your skin changes colour to match your surroundings (Stealth).
Your rubbery body absorbs attacks (AC +1).


Message History

Casting: Sting
Confirm with . or Enter, or press ? or * to list all spells.
Aiming: Sting
Press: ? - help, Shift-Dir - straight line, f/p - orc wizard
Aim: an orc wizard, wielding a dagger and wearing a robe (fast)
The sting misses the orc wizard.
The orc wizard points at you and mumbles some strange words.
You resist with some effort. The orc wizard hits you with a dagger.
* * * LOW HITPOINT WARNING * * *
You barely miss the orc wizard. You grab the orc wizard.
You constrict the orc wizard. The orc wizard hits you with a dagger.
* * * LOW HITPOINT WARNING * * *
You hit the orc wizard. You drain the orc wizard!
The orc wizard is heavily wounded.
You constrict the orc wizard.
The orc wizard points at you and mumbles some strange words.
The magic dart hits you!
* * * LOW HITPOINT WARNING * * *
The orc wizard hits you with a dagger.
You die...

........P......P....#
...................#
#.....P..P......# ###
#...............###
....#)#'##....'##.....#
....#.#.##.###.##.....#
..........##.# #.##.....#
.........)##.# #.##.....#
.......♣.o@#.###'##.....#
...........#.#..........#
........).<#.#..........#
...........#.#..........#
...........'.#.........##
.........###.........#
###......# #.........+
#......# #.........#
######## #.......÷.#


You could see an orc wizard.

Vanquished Creatures
  A two-headed ogre (D:6)
  A centaur (D:5)
  Blork the orc (D:6)
  A quasit (D:5)
  2 crimson imps (D:5)
  2 hounds
  A giant frog skeleton (D:5)
  A worker ant (D:5)
  A hound zombie (D:5)
  A hound skeleton (D:4)
  A gnoll (D:1)
  4 adders
  A shadow imp (D:5)
  3 oozes
  An adder skeleton (D:6)
  2 worms
  5 dart slugs
  4 giant geckos
  6 orcs
  5 giant cockroaches
  6 goblins
  6 hobgoblins
  4 jackals
  5 kobolds
  3 quokkas
  11 bats
  A giant gecko skeleton (D:5)
  8 giant newts
  13 rats
101 creatures vanquished.

Vanquished Creatures (others)
  4 toadstools (D:1)
4 creatures vanquished.

Grand Total: 105 creatures vanquished

Notes
Turn   | Place    | Note
--------------------------------------------------------------
     0 | D:1      | Oddball22 the Octopode Venom Mage began the quest for the Orb.
     0 | D:1      | Reached XP level 1. HP: 11/11 MP: 3/3
    62 | D:1      | Reached skill level 5 in Poison Magic
   154 | D:1      | Reached XP level 2. HP: 10/17 MP: 0/5
   529 | D:1      | Reached skill level 1 in Conjurations
   686 | D:1      | Reached XP level 3. HP: 21/21 MP: 4/6
   709 | D:1      | Learned a level 2 spell: Cure Poison
   713 | D:1      | Learned a level 3 spell: Mephitic Cloud
  1036 | D:2      | Found a shadowy altar of Dithmenos.
  1422 | D:2      | Reached XP level 4. HP: 27/27 MP: 6/8
  2293 | D:2      | Found a snail-covered altar of Cheibriados.
  2542 | D:3      | Found a bloodstained altar of Trog.
  2601 | D:3      | Found a shimmering altar of Xom.
  2602 | D:3      | Found a glowing silver altar of Zin.
  2602 | D:3      | Noticed an angel
  2618 | D:3      | Found an opulent altar of Gozag.
  2686 | D:3      | Found a sacrificial altar of Ru.
  2714 | D:3      | Reached XP level 5. HP: 31/31 MP: 10/10
  3557 | D:4      | Learned a level 4 spell: Olgreb's Toxic Radiance
  3665 | D:4      | Found a white marble altar of Elyvilon.
  3869 | D:5      | Entered Level 5 of the Dungeon
  3914 | D:5      | Found a stormy altar of Qazlal.
  4103 | D:5      | Found a shadowy altar of Dithmenos.
  4114 | D:5      | Reached XP level 6. HP: 31/36 MP: 12/12
  4372 | D:5      | Reached skill level 6 in Poison Magic
  4841 | D:5      | Reached XP level 7. HP: 34/41 MP: 11/14
  4854 | D:5      | Learned a level 5 spell: Venom Bolt
  4868 | D:5      | Found a staircase to the Ecumenical Temple.
  4876 | Temple   | Entered the Ecumenical Temple
  4999 | Temple   | Became a worshipper of Sif Muna the Loreminder
  5043 | D:5      | Noticed Shredu92's ghost (novice VSAE)
  5086 | D:6      | Found a basalt altar of Yredelemnul.
  5157 | D:6      | Noticed Blork the orc
  5181 | D:6      | HP: 1/61 [something/puff of flame (4)]
  5193 | D:6      | Killed Blork the orc
  5507 | D:6      | Found a blossoming altar of Fedhas.
  5649 | D:6      | Reached skill level 1 in Air Magic
  5688 | D:6      | Noticed a two-headed ogre
  5785 | D:6      | Killed a two-headed ogre
  5785 | D:6      | Reached skill level 7 in Poison Magic
  5796 | D:6      | HP: 1/41 [orc wizard/magic dart (5)]
  5796 | D:6      | Slain by an orc wizard

Vault maps used:
D:1:      ldierk_water_garden
D:2:      old_standard_altar, marbit_many_paths, grunt_ministairs_14,
          guppyfry_early_orc_mine
D:3:      grunt_temple_overflow_order_and_chaos_1,
          nicolae_overflow_crystal_walls, old_standard_altar,
          old_standard_altar, first_bread
D:4:      elyvilon_altar_3
D:5:      lemuel_coloured_pillars_altar, minmay_temple_entry_statues_pillars,
          basic_altar, grunt_dithmenos_smoke
D:6:      fedhas_altar_3, yredelemnul_altar_generic, serial_park_tiny_1,
          minmay_misc_feat_plants, uniq_blork_the_orc
Temple:   hc_temple_tempest_star

Skill      XL: |  1  2  3  4  5  6  7 |
---------------+----------------------+-----
Poison Magic   | 5 6 7 |  7.2
Conjurations   | 1 2 3 4 |  4.2
Spellcasting   | 3 4 |  4.8
Air Magic      | 2 |  2.0
Dodging        | |  2.0
Stealth        | |  2.6

Action                   |  1- 3 |  4- 6 |  7- 9 || total
-------------------------+-------+-------+-------++-------
Melee: Unarmed           |    18 |       |       ||    18
       Hand axe          |    10 |   147 |    28 ||   185
 Cast: Sting             |    47 |    13 |    23 ||    83
       Cure Poison       |     1 |     1 |       ||     2
       Mephitic Cloud    |       |       |     2 ||     2
  Use: Potion            |       |       |    12 ||    12
 Stab: Sleeping          |     5 |    17 |       ||    22
  Eat: Chunk             |     1 |     8 |     2 ||    11
       Bread ration      |       |     1 |       ||     1
       Beef jerky        |       |     1 |       ||     1
